 Dungeon Crawl Stone Soup version 0.17-a0-1711-gc5340a3 (webtiles) character file.

385 kae the Carver (level 6, -6/51 HPs)
             Began as a Minotaur Fighter on Aug 22, 2015.
             Killed from afar by kae's ghost (17 damage)
             ... with a flame tongue
             ... on level 4 of the Dungeon.
             The game lasted 00:01:37 (2381 turns).

kae the Carver (Minotaur Fighter)                   Turns: 2381, Time: 00:01:38

Health: -6/51      AC:  6    Str: 20    XL:     6   Next: 48%
Magic:  5/5        EV:  7    Int:  7    God:
Gold:   164        SH:  9    Dex: 10    Spells: 0 memorised, 5 levels left

rFire  . . .     SeeInvis .     a - +0 long sword
rCold  . . .     Clarity  .     b - +0 scale mail
rNeg   . . .     SustAt   .     c - +0 shield
rPois  .         Gourm    .     (helmet restricted)
rElec  .         Spirit   .     (no cloak)
rCorr  .         Warding  .     (no gloves)
rMut   .         Stasis   .     (no boots)
MR     .....                    (no amulet)
Stlth  ..........               (no ring)
                                i - ring of flight (curse)

@: not resistant to hostile enchantments, extremely unstealthy
A: retaliatory headbutt, horns 2
a: Evoke Flight


You were on level 4 of the Dungeon.
You were very hungry.

You visited 1 branch of the dungeon, and saw 4 of its levels.

You collected 164 gold pieces.

Inventory:

Hand weapons
 a - a +0 long sword (weapon)
Armour
 b - a +0 scale mail (worn)
 c - a +0 shield (worn)
Jewellery
 i - a cursed ring of flight (left hand)
 x - an uncursed ring of stealth {unknown}
Magical devices
 o - a wand of teleportation (2)
 q - a wand of flame (34)
 w - a wand of frost (27)
Scrolls
 g - a scroll of enchant armour {unknown}
 h - 2 scrolls of recharging {unknown}
 j - a scroll of fear {unknown}
 m - a scroll of identify {unknown}
 n - 3 scrolls of remove curse {unknown}
 r - a scroll of blinking {unknown}
Potions
 d - 2 potions of might
 f - 2 potions of agility {unknown}
 k - 2 potions of heal wounds {unknown}
 l - a potion of ambrosia {unknown}
 p - a potion of brilliance {unknown}
 s - a potion of magic {unknown}
 t - a potion of degeneration {unknown}
 u - a potion of curing {unknown}
Comestibles
 e - a bread ration
 v - a slice of pizza


   Skills:
 - Level 3.6 Fighting
 + Level 8.4 Long Blades
 - Level 3.6 Armour
 - Level 3.6 Shields


You had 5 spell levels left.
You didn't know any spells.

Dungeon Overview and Level Annotations

Branches:
Dungeon (4/15)
 Temple: D:4-7

Altars:
Ru

Annotations:
D:4 kae's ghost, average TeFE


Innate Abilities, Weirdness & Mutations

You reflexively headbutt those who attack you in melee.
You have a pair of horns on your head.


Message History

Kae's ghost hits you.
You closely miss kae's ghost. You headbutt kae's ghost.
Kae's ghost is moderately damaged.
You block the worker ant's attack. Kae's ghost hits you.
The worker ant bites you.
You hit kae's ghost but do no damage.
Kae's ghost is moderately damaged.
The worker ant bites you but does no damage.
Kae's ghost hits you.
You hit kae's ghost but do no damage. Your headbutt misses kae's ghost.
Kae's ghost is moderately damaged.
You block the worker ant's attack. Kae's ghost casts a spell at you.
The flame tongue hits you!
* * * LOW HITPOINT WARNING * * *
The phantom blinks!
The worker ant closely misses you.
Kae's ghost gestures at you while chanting.
The flame tongue hits you!
You die...

.. #.#
#.###'### #
###....ยง..#.#
..........#.##
...........
#>..#.#.#
#aW.#.#
#.....#
#@..###
#.....#
#.#.#.#
#.#.#.# #
#.#(#...#.#
#.#.#...#.#
#.#.#...[.#
###.#.###.###
+.......#.####


You could see a worker ant and kae's ghost.

Vanquished Creatures
  The ghost of kae the Firebug, an average TeFE (D:3)
  2 worker ants (D:4)
  6 adders
  8 gnolls (D:2)
  3 worms
  5 giant geckos
  7 orcs
  7 hobgoblins
  10 jackals
  4 kobolds
  A ball python (D:3)
  14 bats
  6 giant cockroaches
  A giant newt (D:1)
  4 goblins
  10 rats
89 creatures vanquished.

Notes
Turn   | Place    | Note
--------------------------------------------------------------
     0 | D:1      | kae the Minotaur Fighter began the quest for the Orb.
     0 | D:1      | Reached XP level 1. HP: 19/19 MP: 0/0
   209 | D:1      | Reached XP level 2. HP: 26/26 MP: 1/1
   340 | D:1      | Reached skill level 4 in Long Blades
   682 | D:2      | Reached XP level 3. HP: 31/31 MP: 2/2
   701 | D:2      | Reached skill level 5 in Long Blades
   707 | D:2      | Reached XP level 4. HP: 32/39 MP: 3/3
   840 | D:2      | Reached skill level 6 in Long Blades
  1162 | D:2      | Found a sacrificial altar of Ru.
  1207 | D:2      | Reached XP level 5. HP: 42/45 MP: 4/4
  1455 | D:3      | Reached skill level 7 in Long Blades
  1669 | D:3      | Noticed kae's ghost (average TeFE)
  1678 | D:3      | Killed kae's ghost
  1678 | D:3      | Reached XP level 6. HP: 30/51 MP: 5/5
  1878 | D:3      | Reached skill level 8 in Long Blades
  2368 | D:4      | Noticed kae's ghost (average TeFE)
  2381 | D:4      | Killed from afar by kae's ghost

Vault maps used:
D:1:      lightli_arrival_farm, minivault_24, fountainhead
D:2:      nicolae_ru_awakened_eye, kennysheep_another_room

Action                   |  1- 3 |  4- 6 || total
-------------------------+-------+-------++-------
Melee: Long sword        |    58 |   182 ||   240
  Eat: Chunk             |       |     4 ||     4
